 Dungeon Crawl Stone Soup version 0.25.1-2-g60ff931df9 (webtiles) character file.

Game seed: 18006139495595215933

161 Chimkentus the Sneak (level 5, -10/36 HPs)
             Began as an Octopode Assassin on Sept 4, 2020.
             Killed by divine providence
             ... invoked by an orc priest
              (14 damage)
             ... on level 3 of the Dungeon.
             The game lasted 00:09:21 (1948 turns).

Chimkentus the Sneak (Octopode Assassin)            Turns: 1948, Time: 00:09:21

Health: -10/36     AC:  1    Str: 10    XL:     5   Next: 42%
Magic:  5/5        EV: 14    Int: 14    God:
Gold:   230        SH:  0    Dex: 14    Spells: 4/4 levels left

rFire    . . .     SeeInvis .   a - +2 dagger
rCold    . . .     Gourm    .   (no shield)
rNeg     . . .     Faith    .   (helmet restricted)
rPois    .         Spirit   .   (no amulet)
rElec    .         Reflect  .   (no ring)
rCorr    .         Harm     .   (no ring)
MR       .....                  (no ring)
Stlth    ++++......             (no ring)
HPRegen  0.12/turn              (no ring)
MPRegen  0.09/turn              (no ring)
                                (no ring)
                                (no ring)

@: no status effects
A: almost no armour, stealthy swim, amphibious, 8 rings, constrict 8, camouflage
1, gelatinous body 1
a: no special abilities


You were on level 3 of the Dungeon.
You were not hungry.

You visited 1 branch of the dungeon, and saw 3 of its levels.

You collected 230 gold pieces.

Inventory:

Hand Weapons
 a - a +2 dagger (weapon)
 g - a +0 hunting sling
Missiles
 b - 6 poisoned darts (quivered)
 c - 2 curare-tipped darts
 i - 60 arrows
 k - 24 stones
 p - 22 sling bullets
 v - 7 javelins
 w - 17 bolts
Scrolls
 e - 4 scrolls of amnesia {unknown}
 h - a scroll of fear {unknown}
 j - a scroll of enchant weapon {unknown}
 m - a scroll of identify {unknown}
 q - a scroll of teleportation {unknown}
 t - 3 scrolls of magic mapping {unknown}
 u - a scroll of enchant armour {unknown}
 y - a scroll of remove curse {unknown}
Potions
 l - 3 potions of stabbing {unknown}
 n - a potion of brilliance {unknown}
 o - 2 potions of curing {unknown}
 r - a potion of invisibility {unknown}
 s - a potion of cancellation {unknown}
 x - a potion of mutation {unknown}
 z - a potion of lignification {unknown}
 A - a potion of flight {unknown}
Comestibles
 d - 9 rations
 f - 9 chunks of flesh


   Skills:
 * Level 3.1 Fighting
 + Level 2.9 Short Blades
 + Level 3.5 Throwing
 * Level 2.4 Dodging
 - Level 5.3 Stealth


You had 4 spell levels left.
You didn't know any spells.
Your spell library was empty.

Dungeon Overview and Level Annotations

Branches:
Dungeon (3/15)

Altars:
Uskayaw

Annotations:
D:3 exclusion: orc wizard


Innate Abilities, Weirdness & Mutations

You cannot wear most types of armour.
You are very stealthy in the water. (Stealth+)
You are amphibious.
You can wear up to eight rings at the same time.
You can use your tentacles to constrict eight enemies at once.
Your skin changes colour to match your surroundings (Stealth+).
Your rubbery body absorbs attacks. (AC +1, EV +1)


Message History

You completely miss the orc priest.
The orc priest is heavily wounded.
You constrict the orc priest, but do no damage.
The orc priest looks more healthy.
The orc priest hits you with a +0 short sword.
* * * LOW HITPOINT WARNING * * *
You hit the orc priest but do no damage.
The orc priest is heavily wounded.
You constrict the orc priest.
The orc priest hits you with a +0 short sword.
* * * LOW HITPOINT WARNING * * *
You aren't carrying any items that you can evoke.
Unknown command.
Okay, then.
You hit the orc priest but do no damage.
The orc priest is heavily wounded.
You constrict the orc priest.
The orc priest calls down the wrath of Beogh upon you.
Beogh smites you!
You die...

#..#..#.#######
#..#.)).......#
#######.##.##.#####.
#..........##.#
#.#####)#####.#
#...........#
#.###.#######
#..<#.######
#..o@).....#
#...#.####.#
#....... #####.###
... ..# ### ###


You could see an orc priest.

Vanquished Creatures
  An orc wizard (D:3)
  An orc priest (D:3)
  A gnoll (D:1)
  An adder (D:3)
  2 oozes
  A worm (D:2)
  A dart slug (D:2)
  2 leopard geckos
  2 orcs (D:3)
  A ball python (D:1)
  3 giant cockroaches
  8 hobgoblins
  3 jackals (D:3)
  11 bats
  6 frilled lizards
  10 goblins
  3 kobolds
  8 rats
65 creatures vanquished.

Notes
Turn   | Place    | Note
-------+----------+-------------------------------------------
     0 | D:1      | Chimkentus the Octopode Assassin began the quest for the
                  | Orb.
     0 | D:1      | Reached XP level 1. HP: 14/14 MP: 1/1
   116 | D:1      | Reached XP level 2. HP: 18/19 MP: 2/2
   379 | D:1      | Reached XP level 3. HP: 20/25 MP: 3/3
   999 | D:2      | Reached XP level 4. HP: 30/30 MP: 4/4
  1671 | D:3      | Found a hide-covered altar of Uskayaw.
  1868 | D:3      | Reached XP level 5. HP: 30/36 MP: 5/5
  1948 | D:3      | Killed from afar by an orc priest

Illustrated notes

Levels and vault maps discovered:
D:1:      onia_arrival_pentagram, layout_rooms
D:2:      layout_loops_ring, first_ration
D:3:      layout_basic, eat_drink_and_be_merry_uskayaw

Skill      XL: |  1  2  3  4 |
---------------+-------------+-----
Dodging        | 2 |  2.4
Throwing       | 3 |  3.5
Fighting       | 3 |  3.1
Short Blades   | |  2.9
Stealth        | |  5.3

Action                   |  1- 3 |  4- 6 || total
-------------------------+-------+-------++-------
Melee: Dagger            |    56 |    45 ||   101
       Constrict         |    14 |    10 ||    24
       Tentacles         |     5 |     9 ||    14
 Fire: Hunting sling     |       |     3 ||     3
Throw: Dart              |    30 |    15 ||    45
 Stab: Sleeping          |     9 |    10 ||    19
       Distracted        |       |     1 ||     1
  Eat: Chunk             |       |     3 ||     3
Armor: Skin              |     7 |     4 ||    11
Dodge: Dodged            |    31 |    21 ||    52
